 Dungeon Crawl Stone Soup version 0.30-a0-1160-g6e42c06551 (webtiles) character file.

Game seed: 6021760684320750427

5 Mgcat the Sneak (level 1, -2/10 HPs)
             Began as a Kobold Enchanter on Apr 26, 2023.
             Slain by a quokka (4 damage)
             ... on level 1 of the Dungeon.
             The game lasted 00:00:21 (110 turns).

Mgcat the Sneak (Kobold Enchanter)                   Turns: 110, Time: 00:00:21

Health: -2/10      AC:  2    Str:  5    XL:     1   Next: 88%
Magic:  3/3        EV: 15    Int: 16    God:
Gold:   12         SH:  0    Dex: 15    Spells: 4/4 levels left

rFire   . . .        a - +1 dagger
rCold   . . .        (no shield)
rNeg    . . .        b - +0 robe
rPois   .            (no helmet)
rElec   .            (no cloak)
rCorr   .            (no gloves)
SInv    .            (no boots)
Will    .....        (no amulet)
Stlth   ++++         (no ring)
HPRegen 0.21/turn    (no ring)
MPRegen 0.08/turn

%: no passive effects
@: no status effects
A: small, no large weapons, nightstalker 3
a: no special abilities


You were on level 1 of the Dungeon.
You visited 1 branch of the dungeon, and saw 1 of its levels.

You collected 12 gold pieces.

Inventory:

Hand Weapons
 a - a +1 dagger (weapon)
Armour
 b - a +0 robe (worn)
Potions
 c - 2 potions of invisibility
 d - 2 potions of curing {unknown}


   Skills:
 + Level 1.5 Short Blades
 + Level 2.5 Dodging
 * Level 4.2 Stealth
 + Level 2.2 Spellcasting
 + Level 3.0 Hexes


You had 4 spell levels left.
You didn't know any spells.
Your spell library contained the following spells:

 Spells                   Type           Power      Damage    Failure   Level
 Ensorcelled Hibernation  Hex/Ice        12%        N/A       16%         2
 Confusing Touch          Hex            11%        N/A       17%         3
 Tukima's Dance           Hex            11%        N/A       17%         3
 Dazzling Flash           Conj/Hex       12%        N/A       32%         3


Dungeon Overview and Level Annotations

Branches:
Dungeon (1/15)

Altars:


Innate Abilities, Weirdness & Mutations

You are small and have problems with some larger weapons.
You are completely attuned to the shadows.


Message History

Found a staircase leading out of the dungeon.
Lua error: attempt to yield across metamethod/C-call boundary Unknown command.
Unknown command.
You don't know any spells.
Unknown command.
Unknown command.
You don't know any spells.
Unknown command.
Okay, then.
Unknown command.
A frilled lizard comes into view.
The helpless frilled lizard fails to defend itself.
You impale the frilled lizard!!
You kill the frilled lizard!
No target in view!
No target in view!
You now have 12 gold pieces.
d - a clear potion Unknown command.
Unknown command.
A goblin comes into view. It is wielding a +0 dagger.
A goblin is nearby!
A ball python comes into view.
Spoiler Alert: The ball python (asleep) can constrict!
Lua error: [string "/dgldir/rcfiles/crawl-git/Mgcat.rc"]:930: invalid capture index The helpless goblin fails to defend itself.
You impale the goblin!!
You kill the goblin!
Lua error: [string "/dgldir/rcfiles/crawl-git/Mgcat.rc"]:930: invalid capture index Lua error: [string "/dgldir/rcfiles/crawl-git/Mgcat.rc"]:930: invalid capture index Spoiler Alert: The ball python (asleep) can constrict!
The helpless ball python fails to defend itself.
You impale the ball python!!
You kill the ball python!
No target in view!
No target in view!
You open the door.
There is an open door here.
You open the door.
There is an open door here.
d - 2 clear potions (gained 1)
A quokka and a giant cockroach come into view.
Spoiler Alert: The giant cockroach (asleep) is fast!
A goblin comes into view. It is wielding a +0 dagger.
Lua error: [string "/dgldir/rcfiles/crawl-git/Mgcat.rc"]:930: invalid capture index Lua error: [string "/dgldir/rcfiles/crawl-git/Mgcat.rc"]:930: invalid capture index The helpless giant cockroach fails to defend itself.
You impale the giant cockroach!!
You kill the giant cockroach!
You barely miss the quokka.
The goblin shouts!
The quokka misses you.
You hear a shout!
You completely miss the quokka. The quokka bites you.
The goblin hits you with a +0 dagger.
The quokka twitches its whiskers.
The quokka barely misses you.
You take 5 damage, and have 5/10 hp.
MASSIVE DAMAGE!!
You are too injured to fight recklessly!
You are too injured to fight recklessly!
You are too injured to fight recklessly!
You are too injured to fight recklessly!
The quokka attacks as you move away! The quokka closely misses you.
The goblin attacks as you move away! The goblin hits you with a +0 dagger.
* * * LOW HITPOINT WARNING * * *
You take 4 damage, and have 2/10 hp.
MASSIVE DAMAGE!!
The goblin attacks as you move away! The goblin hits you but does no damage.
You closely miss the goblin. The goblin barely misses you.
You closely miss the goblin. The goblin hits you with a +0 dagger.
* * * LOW HITPOINT WARNING * * *
You hit the goblin.
You kill the goblin!
You barely miss the quokka. The quokka misses you.
You hit the quokka but do no damage. The quokka closely misses you.
You hit the quokka.
The quokka is lightly wounded.
The quokka bites you.
* * * LOW HITPOINT WARNING * * *
You take 1 damage, and have 1/10 hp.
You hit the quokka.
The quokka is moderately wounded.
The quokka barely misses you. The quokka bites you.
* * * LOW HITPOINT WARNING * * *
You hit the quokka but do no damage.
The quokka is moderately wounded.
The quokka closely misses you.
You hit the quokka but do no damage.
The quokka is moderately wounded.
The quokka completely misses you.
You closely miss the quokka.
The quokka is moderately wounded.
The quokka bites you but does no damage.
You miss the quokka.
The quokka is moderately wounded.
The quokka closely misses you.
You hit the quokka.
The quokka is severely wounded.
The quokka bites you.
You die...

##. ...
#..##†#.#
#......."
#.#.#=#.#
#...###..
##.......
#..#####
##.#######
#.r@....#
####....#
#....#
#....#
#.[..#
#....#
#....######
#.........#
#.........#


You could see a quokka.

Vanquished Creatures
  A giant cockroach (D:1)
  2 goblins (D:1)
  A ball python (D:1)
  A frilled lizard (D:1)
5 creatures vanquished.

Notes
Turn   | Place    | Note
-------+----------+-------------------------------------------
     0 | D:1      | Mgcat the Kobold Enchanter began the quest for the Orb.
     0 | D:1      | Reached XP level 1. HP: 10/10 MP: 3/3
    97 | D:1      | HP: 2/10 [goblin/+0 dagger (4)]
   104 | D:1      | HP: 1/10 [quokka (1)]
   110 | D:1      | Slain by a quokka

Illustrated notes

Levels and vault maps discovered:
D:1:      eino_arrival_cavern_d, layout_basic,
          shapermc_ecumenical_altar_acropolis, minmay_statues_item,
          minmay_pentomino_u4

Action                     || total
---------------------------++-------
  Melee: Dagger            ||    18
   Stab: Sleeping          ||     4
 Armour: Robe              ||     2
  Dodge: Dodged            ||    10

Table legend: (Time is in decaauts)
 A = Elapsed time spent in this place.
 B = Non-inter-level travel time spent in this place.
 C = Inter-level travel time spent in this place.
 D = Time resting spent in this place.
 E = Time spent auto-exploring this place.
 F = Levels seen in this place.
 G = Mean time per level.
                   A        B        C        D        E       F      G
               +--------+--------+--------+--------+--------+-----+--------+
         Total |    108 |    108 |      0 |      0 |     72 |   1 |  108.0 |
       Dungeon |    108 |    108 |      0 |      0 |     72 |   1 |  108.0 |
               +--------+--------+--------+--------+--------+-----+--------+

Top non-repeatable levels by time:
     D:1: 108 daAuts

Levels and vault maps discovered:
D:1:      eino_arrival_cavern_d, layout_basic,
          shapermc_ecumenical_altar_acropolis, minmay_statues_item,
          minmay_pentomino_u4

Table legend: (Time is in decaauts)
 A = Elapsed time spent in this place.
 B = Non-inter-level travel time spent in this place.
 C = Inter-level travel time spent in this place.
 D = Time resting spent in this place.
 E = Time spent auto-exploring this place.
 F = Levels seen in this place.
 G = Mean time per level.
                   A        B        C        D        E       F      G
               +--------+--------+--------+--------+--------+-----+--------+
         Total |    108 |    108 |      0 |      0 |     72 |   1 |  108.0 |
       Dungeon |    108 |    108 |      0 |      0 |     72 |   1 |  108.0 |
               +--------+--------+--------+--------+--------+-----+--------+

Top non-repeatable levels by time:
     D:1: 108 daAuts

Table legend:
 A = Kills in this place as a percentage of kills in the entire game.
 B = Kills by you in this place as a percentage of kills by you in the entire game.
 C = Kills by friends in this place as a percentage of kills by friends in the entire game.
 D = Other kills in this place as a percentage of other kills in the entire game.
 E = Experience gained in this place as a percentage of experience gained in the entire game.
 F = Experience gained in this place divided by the number of levels of this place that you have seen.
                   A       B       C       D       E      F
               +-------+-------+-------+-------+-------+----------------------
         Total | 100.0 | 100.0 |   N/A |   N/A | 100.0 |   8.0
       Dungeon | 100.0 | 100.0 |   N/A |   N/A | 100.0 |   8.0
               +-------+-------+-------+-------+-------+----------------------
